[Event "Austrian Championship 2022"]
[Site "Vienna"]
[Date "2022.08.14"]
[Round "3.20"]
[White "Froewis, Annika"]
[Black "Bauer, Thomas"]
[Result "1-0"]
[ECO "A43"]
[WhiteElo "2044"]
[BlackElo "2228"]
[Annotator "TA"]
[PlyCount "79"]
[EventDate "2022.08.12"]
[EventType "swiss"]
[EventCountry "AUT"]
[SourceTitle "playchess.com"]
[Source "ChessBase"]
[SourceQuality "1"]
[TimeControl "40/5400+30:1800+30"]

1. d4 Nf6 2. Bf4 c5 3. d5 d6 4. Nc3 g6 5. e4 Bg7 6. Nf3 O-O {[%emt 0:00:56][%cal Ob7b5] A43: Schmid Benoni.} 7. a4 b6 {[%emt 0:05:10] [#]} (7... Nh5 $11 {keeps the balance.} 8. Bd2 f5) 8. Qd2 $146 ({Predecessor:} 8. h3 Na6 9. Bc4 Nc7 10. O-O a6 11. Re1 Bb7 12. Qd3 Qd7 13. e5 Nfe8 14. Rad1 {½-½ (64) Arnold,E (2096)-Burnham,J (2151) ICCF email 2020}) 8... Qe8 {[%emt 0:11:23] White is slightly better.} 9. Bb5 Bd7 10. Be2 Bg4 11. O-O Nfd7 12. Bh6 f6 ({Better is} 12... Qc8) 13. Bxg7 {[%emt 0:01:58] White is much more active.} Kxg7 14. Nb5 {[%emt 0:06:04] Hoping for Nc7.} Qc8 {[%emt 0:09:01] [#] Against Nc7} (14... Bxf3 $16 15. Nc7 (15. gxf3 Qc8 $16) (15. Bxf3 Na6 $16) 15... Qc8) 15. Nfd4 $1 $18 cxd4 (15... Bxe2 16. Ne6+) 16. Bxg4 Kh8 17. Nxd4 Rg8 18. Ra3 Qe8 19. Qh6 {[%emt 0:12:57][%cal Oh6h7] Intending Qxh7+! and mate.} Nf8 20. f4 Na6 21. Rh3 Rg7 22. b3 Nc5 23. Re1 $40 {[%emt 0:01:54][%cal Bf1e1,Be1e3,Be3c3,Bc3c4][%mdl 160] White goes for the king.} Nb7 24. Qh4 Nd8 25. Rc3 Nf7 26. Ree3 a6 27. Rc6 {[%emt 0:01:12] Threatens to win with Rec3.} b5 (27... g5 {is a better defense.} 28. fxg5 fxg5) 28. Rec3 g5 29. Qh5 b4 30. R3c4 Nd7 31. Rc7 Nc5 32. Nf5 Rg6 33. Rxe7 Qf8 34. Rc7 {[%emt 0:01:41][%cal Of5d6] Nxd6! is the strong threat.} Rd8 35. Nd4 Re8 36. Bf5 Kg7 37. R4xc5 {[%emt 0:00:37] Ne6+ would kill now.} dxc5 38. Ne6+ {[%emt 0:00:12] White mates.} Rxe6 39. Bxe6 Rh6 40. Rxf7+ {[%emt 0:00:12] Black got outplayed after the opening.  Weighted Error Value: White=0.18 (very precise) /Black=0.76} 1-0

[Event "Austrian Championship 2022"]
[Site "Vienna"]
[Date "2022.08.14"]
[Round "3.21"]
[White "Tumanyan, Gor"]
[Black "Steindl, Johannes"]
[Result "0-1"]
[ECO "C55"]
[WhiteElo "1884"]
[BlackElo "2312"]
[Annotator "TA"]
[PlyCount "58"]
[EventDate "2022.08.12"]
[EventType "swiss"]
[EventCountry "AUT"]
[SourceTitle "playchess.com"]
[Source "ChessBase"]
[SourceQuality "1"]
[TimeControl "40/5400+30:1800+30"]

1. e4 e5 2. Nf3 Nc6 3. Bc4 Nf6 4. O-O Nxe4 5. d4 d5 6. Bb5 {[%emt 0:00:06] C55: Two Knights: 4 d3, 4 d4 exd4 5 e5 and Max Lange Attack.} exd4 7. Qxd4 Be6 {[%emt 0:01:19] [#]} (7... Qd7 $15 {was preferrable.}) 8. Ne5 $146 (8. Nc3 $11) ({Predecessor:} 8. Nc3 Qd7 9. Bxc6 Qxc6 10. Ne5 Qc5 11. Qa4+ c6 12. Be3 Nxc3 13. bxc3 Qd6 14. Bf4 {0-1 (41) Baloun,T (1887)-Steiner,B (2179) Ceske Budejovice 2019}) 8... Bc5 $17 9. Qa4 O-O 10. Nxc6 bxc6 11. Bxc6 (11. Bd3 $17 {only move.}) 11... Qh4 12. Be3 $19 Bxe3 {[%emt 0:00:21] Black is more active.} ({Inferior is} 12... Bd6 13. g3 Qh5 14. Nc3 $11) 13. fxe3 {[%emt 0:00:07] [#]} Qg5 $1 $40 {[%emt 0:00:04][%mdl 128] White is in trouble.} 14. Rf3 {[%emt 0:07:07] [#] This costs White the game.} (14. Kh1 $17 Rab8 15. Nc3) 14... Bg4 $1 15. Kf1 Bxf3 16. gxf3 Qf6 17. Ke2 Qxb2 18. Bxa8 Qxa1 19. fxe4 Rxa8 {[%emt 0:00:11][%mdl 4096] Endgame KQR-KQN} 20. Qc6 Rb8 21. Nc3 dxe4 ({But not} 21... Qg1 $2 22. Qxc7 Re8 23. Kd2 $19) 22. Qxc7 Rf8 ({Don't blunder} 22... Re8 $2 23. Nxe4 Qxa2 24. Nd6 $19) 23. Nxe4 Qxa2 {[%emt 0:00:15] And now ...a5 would win.} 24. Kf3 Qd5 {[%emt 0:00:37] ( -> ...f5)} 25. Kf4 h6 {[%emt 0:00:22] Hoping for ...g5+.} 26. h4 {[%emt 0:01:29] Inhibits g5+.} Re8 {[%emt 0:00:25] Black mates.} 27. Nd6 g5+ 28. Kg4 Qd1+ 29. Kg3 Rxe3+ {[%emt 0:00:06] Weighted Error Value: White=0.91/Black=0.26 (precise)} 0-1

[Event "Austrian Championship 2022"]
[Site "Vienna"]
[Date "2022.08.14"]
[Round "3.22"]
[White "Steiner, Adam"]
[Black "Oberhuber, Alexander"]
[Result "1/2-1/2"]
[ECO "B27"]
[WhiteElo "2226"]
[BlackElo "2062"]
[Annotator "TA"]
[PlyCount "61"]
[EventDate "2022.08.12"]
[EventType "swiss"]
[EventCountry "AUT"]
[SourceTitle "playchess.com"]
[Source "ChessBase"]
[SourceQuality "1"]
[TimeControl "40/5400+30:1800+30"]

1. e4 c5 2. Nf3 g6 3. Bc4 Bg7 4. c3 e6 5. d4 cxd4 6. Bb3 {[%emt 0:00:05] [#] B27: Sicilian: 2 Nf3, unusual Black 2nd moves.} dxc3 $146 ({Predecessor:} 6... Nc6 7. cxd4 d5 8. e5 Nge7 9. Nc3 Bd7 10. O-O a6 11. Re1 h6 12. h4 Na5 13. Bc2 {1-0 (60) Xie,G (2402)-Smith,R (2274) Gold Coast 2009}) 7. Nxc3 Ne7 8. Bf4 O-O 9. Bd6 Nbc6 10. h4 b5 11. h5 {[%emt 0:20:46][%mdl 1024] White has compensation.} b4 12. Ne2 (12. Na4 $1 $11) 12... Ba6 (12... Bxb2 $15 13. Rc1 Ba6) 13. Rc1 (13. hxg6 $11 fxg6 14. Qd2) 13... Rc8 (13... Bxb2 $17 14. hxg6 fxg6) 14. Rc5 (14. Qd2 $11) 14... Qb6 15. e5 Nf5 16. hxg6 (16. Bxf8 $17 {was called for.} Rxf8 17. Qc1) 16... Nxd6 $19 17. gxh7+ Kh8 18. Qxd6 {[%emt 0:00:01] [#] Strongly threatening Nf4.} Nxe5 $1 19. Qxb6 Nxf3+ 20. gxf3 axb6 21. Rg5 Rc5 22. Rg4 Bd3 {[%emt 0:03:45] A strong pair of Bishops.} (22... Bxb2 $17 {And now ...f5 would win.} 23. Kd2 Rfc8) 23. Rhg1 $11 Bg6 24. Nf4 $1 {[%emt 0:00:31] The position is equal.} Bh6 (24... Bxb2 $2 25. Rxg6 Rc1+ 26. Bd1 (26. Kd2 fxg6 27. Nxg6+ Kg7 $11) 26... fxg6 27. Nxg6+ Kg7 28. Nxf8+ Kxf8 29. Rg8+ Ke7 30. h8=Q $18) 25. Rxg6 fxg6 26. Nxg6+ Kxh7 27. Nxf8+ Bxf8 {[%emt 0:00:19] KRB-KRB} 28. Rg4 Kh6 29. Kd2 Rg5 30. Kd3 Bc5 31. Rxg5 {[%emt 0:00:46] Black had all chances to win.  Weighted Error Value: White=0.28 (precise) /Black=0.22 (precise)} 1/2-1/2

[Event "Austrian Championship 2022"]
[Site "Vienna"]
[Date "2022.08.14"]
[Round "3.23"]
[White "Sucher, Johannes"]
[Black "Ivanyk, Igor"]
[Result "1/2-1/2"]
[ECO "A45"]
[WhiteElo "2164"]
[BlackElo "2002"]
[Annotator "TA"]
[PlyCount "45"]
[EventDate "2022.08.12"]
[EventType "swiss"]
[EventCountry "AUT"]
[SourceTitle "playchess.com"]
[Source "ChessBase"]
[SourceQuality "1"]
[TimeControl "40/5400+30:1800+30"]

1. d4 Nf6 2. Bg5 c5 3. dxc5 e6 4. Nc3 Bxc5 5. e3 d5 6. Nf3 {[%emt 0:01:11] A45: Trompowsky Attack.} Nc6 7. Be2 a6 8. O-O {[%emt 0:05:10][%cal Oe3e4] Black is slightly better.} O-O {[%emt 0:01:58] [#]} 9. Qc1 $146 ({Predecessor:} 9. a3 h6 10. Bh4 b5 11. Qd3 Bb7 12. Rad1 Be7 13. h3 Rc8 14. Rfe1 Qb6 15. Bg3 {0-1 (49) Klek,H (2311)-Ott,F (2267) Bayern 2013}) 9... Be7 10. Rd1 Qc7 11. Nd4 (11. Bf4 $5 Qa5 12. Nd4 $11) 11... Bd7 12. Bf4 Bd6 {[%emt 0:12:12] [#] Threatens to win with ...Nxd4.} 13. Nxc6 Bxc6 14. Bxd6 Qxd6 15. Bf3 Rac8 16. Qd2 (16. Ne4 $5 Nxe4 17. Bxe4 $11) 16... Qb4 17. Qd4 Qxd4 ({Much less strong is} 17... Qxb2 {[#]} 18. Nxd5 $1 Qxd4 19. Ne7+ Kh8 20. Rxd4 $14) 18. exd4 Rc7 19. Be2 Rfc8 20. Bd3 Ne8 21. Re1 Nd6 22. f4 Ne4 23. Nd1 {[%emt 0:08:58] Weighted Error Value: White=0.10 (very precise) /Black=0.11 (very precise)} 1/2-1/2

[Event "Austrian Championship 2022"]
[Site "Vienna"]
[Date "2022.08.14"]
[Round "3.24"]
[White "Kienboeck, Benjamin"]
[Black "Kordzadze, Nino"]
[Result "1-0"]
[ECO "C11"]
[WhiteElo "2151"]
[BlackElo "2043"]
[Annotator "TA"]
[PlyCount "79"]
[EventDate "2022.08.12"]
[EventType "swiss"]
[EventCountry "AUT"]
[SourceTitle "playchess.com"]
[Source "ChessBase"]
[SourceQuality "1"]
[TimeControl "40/5400+30:1800+30"]

1. e4 e6 2. d4 d5 3. Nc3 Nf6 4. e5 Nfd7 5. f4 g6 6. Nf3 {[%emt 0:03:47] C11: French: Classical System: 4 e5 and 4 Bg5 dxe4.} c5 7. Be3 a6 8. dxc5 {[%emt 0:12:38] White is slightly better.} Nxc5 {[%emt 0:06:27] [#]} 9. Nd4 $146 ({Predecessor:} 9. Be2 b5 10. a3 Bb7 11. O-O Nbd7 12. Qe1 Bg7 13. Rd1 O-O 14. Qd2 Qc7 15. b4 {1-0 (33) Kinez,I (2125)-Lescan,M (1968) Velika Gorica 2008}) 9... b5 10. a3 Bb7 11. g3 Nc6 12. Nce2 Rc8 13. Bg2 h5 14. O-O Qe7 15. Nxc6 Bxc6 16. Nd4 Bb7 17. Qe2 Na4 18. c3 Qd7 19. Bf3 Bg7 20. Rae1 Qc7 (20... Nc5 $14) 21. h3 (21. f5 $1 $18 {[%cal Rf5g6] Black must now prevent fxg6.} exf5 22. e6) 21... Nc5 $14 22. Qg2 Ne4 23. Ra1 Kd7 (23... Nc5 $14) 24. a4 $36 {[%emt 0:02:16][%mdl 2048] White has strong initiative.} bxa4 25. Rxa4 Nc5 (25... Bf8 $16) 26. Raa1 $18 f6 (26... Bf8 $142 27. Rfd1 Ke8) 27. exf6 Bxf6 28. Rad1 {[%emt 0:00:31][%cal Oc3c4] c4! is the strong threat.} Ke7 29. Rfe1 {[%emt 0:00:53][%cal Of4f5] White is more active.} Kf7 30. Nc2 Rcd8 31. Bd4 Nb3 {[%emt 0:00:41] [#]} (31... Bxd4+ $16 {was called for.} 32. Nxd4 Ne4) 32. Bxf6 $1 ({Don't do} 32. Qe2 $6 Nxd4 33. Nxd4 Rhe8 $14) 32... Kxf6 33. Re5 ({Don't take} 33. Qe2 $6 Nc5 $16) 33... Rd6 34. Rde1 a5 (34... Rf8 $142 35. g4 hxg4 36. Qxg4 Qb6+ 37. Kg2 d4) 35. Kh2 Rh7 36. Qe2 Ba6 $2 (36... Bc8 37. Ne3 (37. Nd4 Nxd4 38. cxd4 Rb6 $16) 37... Nc5) 37. Rxe6+ Kf7 38. Re7+ {[%emt 0:00:00] White mates.} Kf8 39. Re8+ Kf7 {[%emt 0:00:36] [#]} 40. Qe7+ {[%emt 0:00:00] Weighted Error Value: White=0.17 (very precise) /Black=0.44} (40. Bxd5+ $142 $1 Kg7 (40... Rxd5 41. Qe6+) 41. Qe5+ Rf6 42. Rg8+ Kh6 43. Qg5#) 1-0

[Event "Austrian Championship 2022"]
[Site "Vienna"]
[Date "2022.08.15"]
[Round "4.1"]
[White "Miazhynski, Yuri"]
[Black "Stadlinger, Matthias"]
[Result "1-0"]
[ECO "C41"]
[WhiteElo "2166"]
[BlackElo "1975"]
[Annotator "TA"]
[PlyCount "89"]
[EventDate "2022.08.12"]
[EventType "swiss"]
[EventCountry "AUT"]
[SourceTitle "playchess.com"]
[Source "ChessBase"]
[SourceQuality "1"]
[TimeControl "40/5400+30:1800+30"]

1. e4 d6 2. d4 Nf6 3. Nc3 Nbd7 4. Nf3 e5 5. Bc4 Be7 6. a4 c6 7. O-O Qc7 {[%emt 0:02:41] 7...h6 is a critical line.} 8. h3 {[%emt 0:04:12] C41: Philidor Defence.} h6 9. a5 (9. Nh4 {looks sharper.} O-O 10. Ng6 Re8 11. Nxe7+ Rxe7 12. a5) 9... Nf8 10. Re1 {[%emt 0:13:41] White is slightly better.} g5 (10... Ng6 $14) 11. Nh2 {[%emt 0:03:45] White is more active.} Ng6 12. Nf1 (12. d5 $16) 12... g4 $11 13. hxg4 Bxg4 14. f3 Bd7 {[%emt 0:00:56] [#]} (14... Bc8 $11) 15. Ne3 $146 (15. d5 $1 $14) ({Predecessor:} 15. a6 b6 16. Ne3 Rg8 17. b3 Nh4 18. Ba3 exd4 19. Ned5 Nxd5 20. exd5 dxc3 21. Rxe7+ Kxe7 {1-0 (52) Schlegel,I (2020)-Mohr,B (1749) Tornelo INT 2020}) 15... Rg8 $1 16. d5 Nf4 17. Bf1 N6h5 18. Ne2 (18. a6 $1 $11) 18... Bh4 $17 19. Nxf4 ({White should try} 19. dxc6 Qxc6 20. Ra3) 19... Nxf4 20. Nf5 (20. Re2 $142) 20... Nh3+ $1 $19 (20... Bxe1 21. Qxe1 Bxf5 22. Bxf4 $17) 21. Kh2 Bxf5 ({Worse is} 21... Bxe1 22. Qxe1 Bxf5 23. exf5 $15) (21... Nf2 $142 22. dxc6 Bxf5 23. cxb7 Rb8 $1) 22. gxh3 Bxe1 23. Qxe1 Bg6 24. c4 O-O-O (24... f5 $19 {Strongly threatening ...fxe4.} 25. a6 b6) 25. Be3 $17 c5 $1 {[%emt 0:00:00] White must now prevent ...f5.} 26. b4 f5 $1 27. bxc5 dxc5 (27... fxe4 28. a6 dxc5 29. axb7+ Kxb7 30. Ra5 $11) 28. Qf2 b6 ({Black should play} 28... fxe4 $17 {...Rdf8 is the strong threat.} 29. Bxc5 exf3) 29. Qc2 (29. f4 $11) 29... fxe4 ({Reject} 29... bxa5 $6 30. Qc3 (30. exf5 e4+ 31. f4 Bxf5 $11) 30... Bh5 31. Rxa5 $11) (29... Bh5 $1 $17 30. Ra3 bxa5) 30. fxe4 Rd6 31. axb6 Rxb6 32. Ra5 ({Better is} 32. Ra2 $15) 32... Bxe4 33. Qxe4 $11 Rb2+ {[%emt 0:00:04][%mdl 64] Discovered Attack} 34. Kh1 {[%emt 0:00:06] The board is on fire.} Qxa5 35. Qxe5 $2 (35. Qf5+ $11 Kb7 36. Qh7+ Ka6 37. Qxg8) 35... Qa1 $4 (35... Qb6 $19 36. Bxc5 Qxc5 $1 37. Qe6+ Kb7 38. Qxg8 Qf2 39. Qh7+ Ka8 40. Qg8+ Kb7 41. Qg7+ Ka6 42. Qg6+ Ka5) 36. Qe6+ $18 Kb8 37. Qxg8+ Kb7 38. Qf7+ Ka6 39. Bxc5 (39. Qf6+ $142 Ka5 40. Bd2+ Ka4 41. Qa6+ Kb3 42. Qxa1 Rxd2 43. Qb1+ Rb2 44. Qd1+ Rc2 45. Bd3) 39... Rb7 40. Qe6+ Ka5 41. Qe2 Rb2 42. Qd3 {[%emt 0:01:39] Intending Bd4 and mate.} Rb1 {[%emt 0:00:30] [#]} 43. Bd4 $1 Rxf1+ {[%emt 0:01:23] [#]} (43... Qa2 44. d6) 44. Kg2 $1 Rd1 45. Bc3+ {[%emt 0:00:18] Weighted Error Value: White=0.51/Black=0.39} 1-0

[Event "Austrian Championship 2022"]
[Site "Vienna"]
[Date "2022.08.15"]
[Round "4.2"]
[White "Horvath, Dominik"]
[Black "Leisch, Lukas"]
[Result "1/2-1/2"]
[ECO "C15"]
[WhiteElo "2488"]
[BlackElo "2404"]
[Annotator "TA"]
[PlyCount "81"]
[EventDate "2022.08.12"]
[EventType "swiss"]
[EventCountry "AUT"]
[SourceTitle "playchess.com"]
[Source "ChessBase"]
[SourceQuality "1"]
[TimeControl "40/5400+30:1800+30"]

1. e4 e6 2. d4 d5 3. Nc3 Bb4 4. Nge2 dxe4 5. a3 Bxc3+ 6. Nxc3 Nc6 7. Bf4 Nf6 {[%emt 0:07:50] C15: French: 3 Nc3 Bb4: Unusual White 4th moves.} 8. Bb5 O-O 9. Bxc6 bxc6 {[%emt 0:00:02] White is slightly better.} 10. Bg5 h6 $1 {[%emt 0:02:53] [#]} 11. Bh4 $146 (11. Bxf6 Qxf6 12. Nxe4 Qg6 $15) ({Predecessor:} 11. Bxf6 Qxf6 12. Nxe4 Qg6 13. Qf3 e5 14. dxe5 Rb8 15. b4 Ba6 16. Nc5 Bc4 17. Qe4 Qxe4+ 18. Nxe4 {½-½ (76) Mitkov,N (2461)-Thavandiran,S (2399) Chess.com INT 2018}) 11... Rb8 12. b3 g5 (12... c5 $11 {remains equal.}) 13. Bg3 $16 Nd5 14. Na4 ({White should play} 14. Nxe4 $14 e5 15. dxe5 (15. Bxe5 f6 $17)) 14... Qf6 (14... f5 $11 15. Be5 Nf4 16. Bxf4 gxf4) 15. h4 (15. Qd2 $14) 15... Nf4 $36 {[%emt 0:13:39][%mdl 2048] Black is more active.} 16. Bxf4 gxf4 (16... Qxf4 17. g3 Qf5 18. hxg5 $11) 17. Qg4+ $1 Kh7 {[%emt 0:06:18] [#] Threatens to win with ...Rg8.} 18. O-O-O e5 19. Qe2 Bf5 20. Nc5 exd4 21. Nxe4 Qg7 22. Qd3 (22. Qf3 $11 {keeps the balance.}) 22... Kh8 (22... Rfe8 $17 23. f3 Rbd8) 23. Qxd4 Bxe4 24. Qxe4 {[%emt 0:00:03] aiming for Kb1.} Qa1+ 25. Kd2 Qxa3 ({Black should try} 25... Qb2 $11 26. Rh3 Rfe8) 26. Kc3 ({Of course not} 26. Qxc6 Kg8 $11) (26. Qxf4 $14 Qa5+ 27. Ke2 Qh5+ 28. Kd2) 26... Rb5 27. Rd4 {[%emt 0:03:02] The board is on fire.} Rc5+ ({Much less strong is} 27... f3 28. gxf3 Rc5+ 29. Rc4 Rxc4+ 30. Qxc4 $16) ({Don't play} 27... f5 28. Qxf4 Rc5+ 29. Kd3 $18) 28. Rc4 {[%emt 0:01:38] [#] Qd4+ is the strong threat. Active counter play!} Rxc4+ 29. Qxc4 {[%emt 0:00:03][%mdl 4096] Endgame KQR-KQR} Qd6 (29... Qa5+ $1 $11 30. Kb2 Qe5+ 31. Qc3 Qxc3+ 32. Kxc3 Rg8) 30. Re1 Rd8 31. Kb2 Qf6+ 32. Qc3 $1 Qxc3+ 33. Kxc3 $14 {[%emt 0:00:03] KR-KR} Rg8 34. Re4 Rxg2 35. Rxf4 Kg7 36. Kb4 {[%emt 0:01:01][%mdl 1024] White has compensation.} Rg6 37. Kc5 a5 38. f3 Kf8 39. Rf5 Ke7 40. Rf4 Rd6 41. c3 {[%emt 0:04:54] Weighted Error Value: White=0.17 (very precise) /Black=0.16 (very precise)} 1/2-1/2

[Event "Austrian Championship 2022"]
[Site "Vienna"]
[Date "2022.08.15"]
[Round "4.2"]
[White "Ivanyk, Igor"]
[Black "Exler, Veronika"]
[Result "0-1"]
[ECO "B12"]
[WhiteElo "2002"]
[BlackElo "2132"]
[Annotator "TA"]
[PlyCount "52"]
[EventDate "2022.08.12"]
[EventType "swiss"]
[EventCountry "AUT"]
[SourceTitle "playchess.com"]
[Source "ChessBase"]
[SourceQuality "1"]
[TimeControl "40/5400+30:1800+30"]

1. e4 c6 2. d4 d5 3. e5 Bf5 4. Nd2 e6 5. Nb3 Nd7 6. Nf3 Ne7 {[%emt 0:04:40] B12: Caro-Kann: Advance Variation.} 7. Be2 Ng6 8. O-O f6 {[%emt 0:00:39][%cal Rf6e5] White is slightly better.} 9. Ne1 $1 fxe5 {[%emt 0:47:45][%cal Oh7h5] [#]} 10. g4 e4 11. gxf5 exf5 {[%emt 0:00:06] [#]} 12. Bh5 $146 ({Better is} 12. f3 $16) ({Predecessor:} 12. f4 Bd6 13. Ng2 Qe7 14. Be3 O-O-O 15. c4 dxc4 16. Na5 Nb6 17. Nxc4 Nd5 18. Qb3 {1-0 (49) Preotu,R (2524)-Margvelashvili,G (2530) Chess.com INT 2019}) 12... Bd6 $14 {[%emt 0:01:55] Strongly threatening ...Qh4.} 13. Ng2 {[%emt 0:00:42] Against Qh4} O-O 14. Bxg6 hxg6 15. f4 (15. h4 $14) 15... Kf7 $15 {[%emt 0:00:25][%mdl 1024] Black has compensation.} 16. Bd2 Rh8 {[%emt 0:00:10] ...Rh3 is the strong threat.} 17. Be1 $2 {[%emt 0:01:12] [#] This move loses the game for White.} (17. h4 $11 {and White stays safe.}) 17... Rh3 $1 $19 18. Nc1 $2 (18. Bg3 {is more resistant.} Nf6 19. Qe2) 18... Qh8 19. Bg3 Nf6 {[%emt 0:00:04][%cal Oh3g3,Bd7f6,Bf6h5,Bh5g3][%mdl 32] Threatens to win with ...Rxg3!} 20. Ne3 (20. Qe2 $142 Qh6 21. Kf2) 20... Nh5 21. Ne2 Nxg3 22. hxg3 Qh5 {[%emt 0:00:10] White must now prevent ...Rh2.} 23. g4 Rh1+ {[%emt 0:04:49] Black mates.} 24. Kf2 Qh4+ 25. Ng3 Rh2+ 26. Ng2 Bxf4 {[%emt 0:00:39] Weighted Error Value: White=0.91/Black=0.24 (precise)} 0-1

[Event "Austrian Championship 2022"]
[Site "Vienna"]
[Date "2022.08.15"]
[Round "4.3"]
[White "Schreiner, Peter"]
[Black "Diermair, Andreas"]
[Result "1/2-1/2"]
[ECO "B33"]
[WhiteElo "2416"]
[BlackElo "2452"]
[Annotator "TA"]
[PlyCount "41"]
[EventDate "2022.08.12"]
[EventType "swiss"]
[EventCountry "AUT"]
[SourceTitle "playchess.com"]
[Source "ChessBase"]
[SourceQuality "1"]
[TimeControl "40/5400+30:1800+30"]

1. e4 c5 2. Nf3 Nc6 3. d4 cxd4 4. Nxd4 Nf6 5. Nc3 e5 6. Ndb5 d6 7. Bg5 a6 8. Na3 b5 9. Nd5 Be7 10. Bxf6 Bxf6 11. c4 b4 12. Nc2 a5 {[%emt 0:00:04] The position is equal.} 13. g3 {[%emt 0:00:06] B33: Sicilian: Pelikan and Sveshnikov Variations.} O-O 14. Bg2 Rb8 {[%emt 0:00:10] [#] Not much happened in this game. 14...g6 is a critical line.} {Predecessor:} 15. b3 $146 a4 16. O-O Qa5 17. Qd3 Bg5 18. f4 exf4 19. gxf4 Bh6 20. Nce3 Qc5 21. Kh1 {0-1 (49) Firat,B (2466)-Buksa,N (2419) Chess.com INT 2021} 1/2-1/2

[Event "Austrian Championship 2022"]
[Site "Vienna"]
[Date "2022.08.15"]
[Round "4.3"]
[White "Stadlinger, Lea"]
[Black "Sucher, Johannes"]
[Result "0-1"]
[ECO "B01"]
[WhiteElo "1723"]
[BlackElo "2164"]
[Annotator "TA"]
[PlyCount "50"]
[EventDate "2022.08.12"]
[EventType "swiss"]
[EventCountry "AUT"]
[SourceTitle "playchess.com"]
[Source "ChessBase"]
[SourceQuality "1"]
[TimeControl "40/5400+30:1800+30"]

1. e4 d5 2. exd5 Nf6 3. d4 Bg4 4. Be2 Bxe2 5. Qxe2 Qxd5 6. Nf3 Nc6 7. c4 Qf5 8. O-O O-O-O 9. Rd1 {[%emt 0:05:20] B01: Scandinavian Defence.} (9. d5 $14 Nb4 10. a3) 9... e6 (9... e5 $5) 10. Nc3 Rg8 11. a3 {[%emt 0:06:53] White is slightly better.} g5 12. Be3 (12. d5 $5 exd5 13. cxd5 $14) 12... Ne4 13. Qd3 ({White should play} 13. Nxe4 $11 Qxe4 14. Nd2) 13... Nxc3 $1 $15 14. Qxc3 g4 {[%emt 0:00:52] [#]} 15. Ne1 $146 ({Predecessor:} 15. Nd2 Bg7 16. Nf1 h5 17. b4 e5 18. d5 e4 19. Qc2 Bxa1 20. Rxa1 Ne5 21. Ng3 {0-1 (35) Acosta,M (2147)-Benedetti,J (2299) Vicente Lopez 2016}) 15... Bg7 16. Nc2 (16. Rd2 $11) 16... Rd7 ({Black should try} 16... h5 $15) 17. Rd2 {[%emt 0:09:25] [#]} (17. b4 $11) 17... Rgd8 {[%emt 0:00:18] Black is more active.} ({Better is} 17... h5 $1 $17) 18. Rad1 Qe4 19. b4 Ne7 20. Qd3 (20. Bg5 $11 {is superior.}) 20... Qxd3 21. Rxd3 c6 22. R3d2 b5 23. cxb5 cxb5 24. d5 (24. Bg5 $11) 24... Nxd5 $17 ({Inferior is} 24... Rxd5 25. Rxd5 Nxd5 26. Bxa7 $15) 25. Bxa7 {[%emt 0:00:42][%mdl 8192] [#]} (25. Nd4 $17 Nxe3 26. fxe3) 25... Rxa7 {[%emt 0:02:45] Weighted Error Value: White=0.79/Black=0.17 (very precise)} 0-1

[Event "Austrian Championship 2022"]
[Site "Vienna"]
[Date "2022.08.15"]
[Round "4.4"]
[White "Hoegl, Emanuel"]
[Black "Geroe, Leonhard"]
[Result "1-0"]
[ECO "D90"]
[WhiteElo "2094"]
[BlackElo "2017"]
[Annotator "NA RC"]
[PlyCount "47"]
[EventDate "2022.08.12"]
[EventType "swiss"]
[EventCountry "AUT"]
[SourceTitle "playchess.com"]
[Source "ChessBase"]
[SourceQuality "1"]
[TimeControl "40/5400+30:1800+30"]

1. d4 Nf6 2. c4 g6 3. Nc3 d5 4. Nf3 Bg7 5. h4 dxc4 6. e4 c5 7. d5 b5 8. h5 O-O 9. hxg6 fxg6 10. e5 Ng4 11. d6 e6 12. Rxh7 Rf5 13. Rh3 Nxe5 14. Nxb5 Qa5+ 15. Nc3 Nd3+ 16. Bxd3 Bxc3+ (16... cxd3 $142 17. Qxd3 Nc6) 17. bxc3 Qxc3+ 18. Bd2 (18. Qd2 $18 Qxd2+ 19. Kxd2 cxd3 20. Bb2 (20. Kxd3 Rd5+ 21. Ke4 Rxd6 $14)) 18... Qxd3 19. Rc1 Nd7 20. Qa4 (20. Bc3 $14 Qxd1+ 21. Rxd1) 20... Nf6 (20... Rb8 $1 $11 {remains equal.}) 21. Qxc4 Qxd6 22. Qh4 $18 Qf8 23. g4 Nxg4 24. Qh7# 1-0